 Dungeon Crawl Stone Soup version 0.27.1 (webtiles) character file.

Game seed: 9850303291887511281

177 pkoi the Chopper (level 5, -1/42 HPs)
             Began as a Minotaur Gladiator on Aug 25, 2021.
             Slain by a gnoll (3 damage)
             ... on level 3 of the Dungeon.
             The game lasted 00:02:28 (3603 turns).

pkoi the Chopper (Minotaur Gladiator)               Turns: 3603, Time: 00:02:28

Health: -1/42      AC:  4    Str: 19    XL:     5   Next: 30%
Magic:  4/4        EV: 12    Int:  5    God:
Gold:   88         SH:  0    Dex: 12    Spells: 4/4 levels left

rFire    . . .     SeeInvis .   a - +0 war axe
rCold    . . .     Faith    .   (no shield)
rNeg     . . .     Spirit   .   b - +0 leather armour
rPois    .         Reflect  .   c - +0 hat
rElec    .         Harm     .   (no cloak)
rCorr    .         Rampage  .   o - +0 pair of gloves
Will     .....                  (no boots)
Stlth    +.........             (no amulet)
HPRegen  0.14/turn              (no ring)
MPRegen  0.09/turn              (no ring)

@: no status effects
A: horns 2, retaliatory headbutt
a: no special abilities


You were on level 3 of the Dungeon.
You visited 1 branch of the dungeon, and saw 4 of its levels.

You collected 88 gold pieces.

Inventory:

Hand Weapons
 a - a +0 war axe (weapon)
Missiles
 d - 3 throwing nets (quivered)
 l - 13 poisoned darts
Armour
 b - a +0 leather armour (worn)
 c - a +0 hat (worn)
 o - a +0 pair of gloves (worn)
Scrolls
 e - a scroll of enchant armour {unknown}
 f - a scroll of brand weapon {unknown}
 g - 2 scrolls of identify {unknown}
 i - 3 scrolls of amnesia {unknown}
Potions
 h - a potion of resistance {unknown}
 j - 2 potions of curing {unknown}
 k - a potion of brilliance {unknown}
 m - a potion of degeneration {unknown}
 n - a potion of heal wounds {unknown}


   Skills:
 + Level 2.5 Fighting
 * Level 7.1 Axes
 - Level 2.0 Throwing
 + Level 0.6 Armour
 + Level 3.4 Dodging


You had 4 spell levels left.
You didn't know any spells.
Your spell library contained the following spells:

 Spells                   Type           Power      Damage    Failure   Level
 Summon Guardian Golem    Hex/Summ       0%         N/A       88%         3
 Orb of Destruction       Conj           0%         N/A       100%        7
 Spellforged Servitor     Conj/Summ      0%         N/A       100%        7


Dungeon Overview and Level Annotations

Branches:
Dungeon (4/15)
 Temple: D:4-7

Altars:


Innate Abilities, Weirdness & Mutations

You have a pair of horns on your head.
You reflexively headbutt those who attack you in melee.


Message History

The adder is moderately wounded.
The adder closely misses you. The adder bites you but does no damage.
You slash the adder!
You kill the adder!
You see here an adder corpse.
You start resting.
HP restored.
There is a stone staircase leading down, spattered with blood here.
You climb downwards.
The ball python misses you. The ball python grabs you.
The ball python constricts you. The gnoll hits you with a +0 whip.
The gnoll misses you. The gnoll hits you with a +0 flail.
The gnoll hits you with a +0 whip!
The ball python bites you but does no damage.
The ball python constricts you.
There is a stone staircase leading up, spattered with blood here.
Unknown command.
You escape the ball python's grasp.
The gnoll hits you with a +0 whip!
* * * LOW HITPOINT WARNING * * *
The gnoll hits you with a +0 flail.
* * * LOW HITPOINT WARNING * * *
You climb upwards.
There is a stone staircase leading down, spattered with blood here.
You are too injured to fight recklessly!
You are too injured to fight recklessly!
Unknown command.
You are too injured to fight recklessly!
Unknown command.
You are too injured to fight recklessly!
You closely miss the gnoll.
You hit the ball python but do no damage.
You closely miss the gnoll. The ball python closely misses you.
You furiously retaliate!
You headbutt the ball python!
You kill the ball python!
The gnoll hits you with a +0 flail.
* * * LOW HITPOINT WARNING * * *
The gnoll hits you with a +0 whip.
* * * LOW HITPOINT WARNING * * *
You completely miss the gnoll. Your headbutt misses the gnoll.
You hit the gnoll. The gnoll hits you with a +0 flail.
You die...

###.#####.#####.#
###...####.#####.#
#.......##.......# ##
#.#...#.########## #. #.##.##.#
#.....# #. #.##.##.# #.....# #.
#.##.##.# #.....# #. #.##.##.#
#.....# #. #...g@g.# #.....# #.
####)########..### ## #.#
#......## # #.# #.####.# #
######### #.###.####.# #
##......#######.......##†# ######
.#.####.##...######.#.##.###.....
.#.####.##...#### #.#........####
.†....#..[......# #.......####


You could see 2 gnolls.

Vanquished Creatures
  An orc wizard (D:3)
  Robin (D:2)
  A gnoll (D:3)
  5 adders
  A worm (D:2)
  4 orcs
  6 endoplasms
  2 giant cockroaches
  14 goblins
  6 hobgoblins
  5 jackals
  4 quokkas
  4 ball pythons
  5 bats
  7 frilled lizards
  5 kobolds
  8 rats
79 creatures vanquished.

Vanquished Creatures (others)
  3 fungi (D:2)
  9 plants (D:2)
12 creatures vanquished.

Grand Total: 91 creatures vanquished

Notes
Turn   | Place    | Note
-------+----------+-------------------------------------------
     0 | D:1      | pkoi the Minotaur Gladiator began the quest for the Orb.
     0 | D:1      | Reached XP level 1. HP: 18/18 MP: 0/0
     6 | D:1      | Noticed a hound
     6 | D:1      | Noticed a wyvern
     6 | D:1      | Noticed a lindwurm
     6 | D:1      | Noticed a water moccasin
    56 | D:1      | Reached skill level 4 in Axes
    64 | D:1      | Reached XP level 2. HP: 8/25 MP: 1/1
  1139 | D:2      | Reached skill level 5 in Axes
  1139 | D:2      | Reached XP level 3. HP: 28/30 MP: 2/2
  1438 | D:2      | Found a faded altar of an unknown god.
  1740 | D:2      | Identified the +2 helmet of Disaster {rF+ Stlth+}
  1740 | D:2      | Noticed Robin
  1755 | D:2      | Killed Robin
  1756 | D:2      | Reached skill level 6 in Axes
  1756 | D:2      | Reached XP level 4. HP: 13/37 MP: 3/3
  2761 | D:3      | Reached XP level 5. HP: 16/42 MP: 4/4
  3030 | D:3      | Reached skill level 7 in Axes
  3602 | D:3      | HP: 2/42 [gnoll (5)]
  3603 | D:3      | Slain by a gnoll

Illustrated notes

Levels and vault maps discovered:
D:1:      onia_arrival_zoo_common, layout_rooms
D:2:      layout_loops_ring, shapermc_ecumenical_altar_mp_ritualfount,
          uniq_robin
D:3:      layout_loops_cross, bh_walls_and_bars
D:4:      layout_basic, chequers_serial_rivers_micro_c, nicolae_elemental_shop,
          uniq_crazy_yiuf_cottage

Skill      XL: |  1  2  3  4  5 |
---------------+----------------+-----
Axes           | 4 5 6 7 |  7.1
Fighting       | |  2.5
Throwing       | |  2.0
Armour         | |  0.6
Dodging        | |  3.4

Action                   |  1- 3 |  4- 6 || total
-------------------------+-------+-------++-------
Melee: War axe           |    75 |    69 ||   144
       Headbutt          |     8 |     8 ||    16
Armor: Leather armour    |    15 |    14 ||    29
Dodge: Dodged            |    55 |    49 ||   104
